[Event "GER-ch Youth-U12 2024"]
[Site "Willingen"]
[Date "2024.05.22"]
[Round "6"]
[White "Hoppe, Arthur"]
[Black "Hagn, Tobias"]
[Result "1-0"]
[ECO "D33"]
[WhiteElo "1859"]
[BlackElo "1631"]
[Annotator "NA RC"]
[PlyCount "127"]
[EventDate "2022.06.05"]
[EventType "swiss"]
[EventRounds "9"]
[EventCountry "GER"]
[SourceTitle "playchess.com"]
[Source "ChessBase"]
[SourceQuality "1"]
[TimeControl "40/4500+30:900+30"]

1. d4 d5 2. Nf3 c5 3. c4 e6 4. cxd5 exd5 5. Nc3 cxd4 6. Nxd4 Nc6 7. g3 Bc5 8. Nb3 Bb4 9. Bg2 Be6 10. O-O Nge7 11. Bg5 h6 12. Bxe7 Bxe7 13. Nxd5 Bxd5 14. Bxd5 Rc8 15. Bxc6+ Rxc6 16. Qxd8+ Kxd8 17. Rac1 Rxc1 18. Rxc1 Bf6 19. Rc2 Re8 20. Na5 b6 21. Nc4 Re6 22. b3 Rc6 23. Ne3 Rxc2 24. Nxc2 Bc3 25. e4 Ke7 26. Kf1 Ke6 27. Ke2 g6 28. Kd3 Bg7 29. Nd4+ Kd7 30. Kc4 a6 31. Kd5 h5 32. Nc6 a5 33. Ne5+ Ke7 34. Nc4 b5 35. Nxa5 Bc3 36. Nc6+ Kd7 37. Nd4 b4 38. Kc4 Be1 39. f3 Bf2 40. Nc2 Bg1 41. h3 Bh2 42. g4 hxg4 43. hxg4 g5 44. Nxb4 Kc7 45. Kd5 Kd7 46. Nd3 f6 47. Nc5+ Kc7 48. Ke6 Be5 49. Nd7 Bc3 50. Nxf6 Bxf6 51. Kxf6 Kd6 52. e5+ Kd7 53. Kf7 Kc6 54. e6 Kd5 55. e7 Ke5 56. e8=Q+ Kf4 57. Kf6 Kxf3 58. Kf5 Kg3 59. Qe2 Kh3 60. Ke4 Kg3 61. Ke3 Kh4 62. Kf3 Kh3 63. Qf1+ Kh2 64. Qg2# 1-0

[Event "GER-ch Youth-U12 2024"]
[Site "Willingen"]
[Date "2024.05.22"]
[Round "6"]
[White "Junge, Mattheo Gabriel"]
[Black "Fadeev, Justin Michael"]
[Result "1-0"]
[ECO "C02"]
[WhiteElo "1817"]
[BlackElo "1762"]
[Annotator "NA RC"]
[PlyCount "123"]
[EventDate "2022.06.05"]
[EventType "swiss"]
[EventRounds "9"]
[EventCountry "GER"]
[SourceTitle "playchess.com"]
[Source "ChessBase"]
[SourceQuality "1"]
[TimeControl "40/4500+30:900+30"]

1. e4 e6 2. d4 d5 3. e5 c5 4. c3 Qb6 5. Nf3 Nc6 6. Bd3 cxd4 7. O-O Bd7 8. Re1 Nge7 9. h4 Rc8 10. h5 h6 11. Nbd2 dxc3 12. bxc3 Na5 13. Rb1 Qc7 14. Ba3 Qxc3 15. Nb3 Nec6 16. Rc1 Qxe1+ 17. Qxe1 Bxa3 18. Nxa5 Bxc1 19. Nxb7 Ba3 20. Nd6+ Bxd6 21. exd6 O-O 22. Ne5 Nxe5 23. Qxe5 Rc1+ 24. Kh2 Rfc8 25. Qd4 R1c5 26. Ba6 R8c6 27. Bb7 Kf8 28. Bxc6 Rxc6 29. Qb4 Ke8 30. Qb8+ Bc8 31. a4 d4 32. d7+ Kxd7 33. Qxa7+ Ke8 34. Qxd4 f6 35. Qa7 Bd7 36. a5 Kd8 37. a6 Rc7 38. Qb8+ Rc8 39. Qb6+ Ke7 40. a7 Bc6 41. Qxc6 Rxc6 42. a8=Q Rc7 43. Qa6 Rd7 44. Kh3 Rd6 45. Qb7+ Rd7 46. Qc6 Rd8 47. g4 Rd3+ 48. Kh4 Rd7 49. f4 Rd8 50. Qc5+ Ke8 51. Qb6 Ke7 52. g5 fxg5+ 53. fxg5 hxg5+ 54. Kxg5 Rd6 55. Qc7+ Rd7 56. Qc5+ Kf7 57. Qf2+ Kg8 58. Kg6 e5 59. Qa2+ Kf8 60. Qa8+ Ke7 61. Kxg7 Ke6+ 62. Kg6 1-0

[Event "GER-ch Youth-U12 2024"]
[Site "Willingen"]
[Date "2024.05.22"]
[Round "6"]
[White "Peglau, Paul David"]
[Black "Belin, Anton"]
[Result "1/2-1/2"]
[ECO "E11"]
[WhiteElo "1806"]
[BlackElo "1948"]
[Annotator "RC"]
[PlyCount "67"]
[EventDate "2022.06.05"]
[EventType "swiss"]
[EventRounds "9"]
[EventCountry "GER"]
[SourceTitle "playchess.com"]
[Source "ChessBase"]
[SourceQuality "1"]
[TimeControl "40/4500+30:900+30"]

1. Nf3 d5 2. d4 Nf6 3. c4 e6 4. g3 Bb4+ 5. Bd2 Be7 6. Bg2 O-O 7. O-O c6 8. Qc2 b6 9. Rc1 Nbd7 10. a4 Ba6 11. b3 c5 12. Na3 Ne4 13. Nb5 Bf6 14. cxd5 exd5 15. e3 Bxb5 16. axb5 Qe7 17. Be1 Rfd8 18. Ra4 Nd6 19. Qe2 Nf5 20. Qd3 g6 21. Bc3 cxd4 22. exd4 Nd6 23. Bb4 Qe4 24. Qxe4 Nxe4 25. Rc7 Nf8 26. Raxa7 Rxa7 27. Rxa7 Ne6 28. Ne5 Nxd4 29. Nxf7 Nxb5 30. Nh6+ Kh8 31. Nf7+ Kg8 32. Nh6+ Kh8 33. Nf7+ Kg8 34. Nh6+ 1/2-1/2

[Event "GER-ch Youth-U12 2024"]
[Site "Willingen"]
[Date "2024.05.22"]
[Round "6"]
[White "Meijers, Janis"]
[Black "Levytskyi, Oleksandr"]
[Result "1-0"]
[ECO "D14"]
[WhiteElo "1787"]
[BlackElo "1467"]
[Annotator "NA RC"]
[PlyCount "85"]
[EventDate "2022.06.05"]
[EventType "swiss"]
[EventRounds "9"]
[EventCountry "GER"]
[SourceTitle "playchess.com"]
[Source "ChessBase"]
[SourceQuality "1"]
[TimeControl "40/4500+30:900+30"]

1. d4 d5 2. c4 c6 3. cxd5 cxd5 4. Nc3 Nf6 5. Nf3 Nc6 6. Bf4 Bf5 7. e3 Qb6 8. Bb5 e6 9. O-O Bb4 10. Rc1 Bxc3 11. Bxc6+ bxc6 12. Rxc3 Qxb2 13. Rxc6 O-O 14. Qb3 Qxb3 15. axb3 a5 16. Ra1 Rfc8 17. Rxa5 h6 18. h3 Kf8 19. Rxa8 Rxa8 20. b4 Ra1+ 21. Kh2 Ne4 22. Rc8+ Ke7 23. Ne5 Nxf2 24. Nc6+ Kf6 25. Be5+ Kg5 26. g4 Ra2 27. Bf4+ Kf6 28. gxf5 Ne4+ 29. Kg1 Ra1+ 30. Kg2 Ra2+ 31. Kf1 Nd2+ 32. Ke1 Ne4 33. Rg8 Ra1+ 34. Ke2 Ra2+ 35. Kd1 Nc3+ 36. Ke1 Kxf5 37. Rxg7 Ke4 38. Rxf7 Kf3 39. Ne5+ Kg2 40. Rg7+ Kxh3 41. Rg3+ Kh4 42. Rg6 Kh5 43. Rxh6# 1-0

[Event "GER-ch Youth-U12 2024"]
[Site "Willingen"]
[Date "2024.05.22"]
[Round "6"]
[White "Fels, Mattis"]
[Black "Rodriguez Klasen, Ennio"]
[Result "0-1"]
[ECO "D00"]
[WhiteElo "1759"]
[BlackElo "1802"]
[Annotator "NA RC"]
[PlyCount "32"]
[EventDate "2022.06.05"]
[EventType "swiss"]
[EventRounds "9"]
[EventCountry "GER"]
[SourceTitle "playchess.com"]
[Source "ChessBase"]
[SourceQuality "1"]
[TimeControl "40/4500+30:900+30"]

1. d4 d5 2. Nc3 e6 3. Bf4 a6 4. e3 Nf6 5. g4 h6 6. Bd3 b5 7. f3 c5 8. dxc5 Bxc5 9. Qd2 Nc6 10. O-O-O Qb6 11. h4 e5 12. b4 Bxb4 13. Bg3 Qa5 14. Nge2 Ba3+ 15. Kb1 Qb4+ 16. Ka1 Qb2# 0-1

[Event "GER-ch Youth-U12 2024"]
[Site "Willingen"]
[Date "2024.05.22"]
[Round "6"]
[White "Shevchenko, Igor"]
[Black "Stehning, Toni"]
[Result "1/2-1/2"]
[ECO "D34"]
[WhiteElo "1758"]
[BlackElo "1821"]
[Annotator "NA RC"]
[PlyCount "61"]
[EventDate "2022.06.05"]
[EventType "swiss"]
[EventRounds "9"]
[EventCountry "GER"]
[SourceTitle "playchess.com"]
[Source "ChessBase"]
[SourceQuality "1"]
[TimeControl "40/4500+30:900+30"]

1. d4 d5 2. c4 e6 3. Nc3 c5 4. cxd5 exd5 5. Nf3 Nf6 6. g3 Be6 7. Bg2 Nc6 8. O-O Be7 9. dxc5 Bxc5 10. Bg5 Be7 11. e3 O-O 12. Bxf6 Bxf6 13. Rc1 Qd7 14. Qd2 Rad8 15. Ne2 Bh3 16. Ned4 Bxg2 17. Kxg2 Rfe8 18. Rfd1 Re4 19. Qc2 Bxd4 20. Nxd4 Nxd4 21. Rxd4 Rxd4 22. exd4 Qg4 23. Qa4 Qe4+ 24. Kg1 Qe2 25. Qxa7 Qxb2 26. Re1 Qb4 27. Re5 g6 28. Re3 Rc8 29. Kg2 Kg7 30. Rb3 Qe1 31. Re3 1/2-1/2

[Event "GER-ch Youth-U12 2024"]
[Site "Willingen"]
[Date "2024.05.22"]
[Round "6"]
[White "Wettstein, Levin"]
[Black "Rau, Eduard"]
[Result "0-1"]
[ECO "C47"]
[WhiteElo "1753"]
[BlackElo "1756"]
[Annotator "NA RC"]
[PlyCount "156"]
[EventDate "2022.06.05"]
[EventType "swiss"]
[EventRounds "9"]
[EventCountry "GER"]
[SourceTitle "playchess.com"]
[Source "ChessBase"]
[SourceQuality "1"]
[TimeControl "40/4500+30:900+30"]

1. e4 e5 2. Nf3 Nc6 3. Nc3 Nf6 4. d4 exd4 5. Nxd4 Bb4 6. Nxc6 bxc6 7. Bd3 d5 8. exd5 cxd5 9. O-O O-O 10. h3 c6 11. Qf3 Be6 12. Bf4 Re8 13. Ne2 Bf8 14. Bg5 h6 15. Bh4 g5 16. Bg3 c5 17. Nc3 c4 18. Bf5 Bg7 19. Rfd1 Qb6 20. Rab1 Rad8 21. Be5 Bxf5 22. Qxf5 d4 23. Bxf6 Qxf6 24. Qxf6 Bxf6 25. Nb5 Re2 26. Rdc1 Rd5 27. Kf1 Re7 28. Na3 Rc5 29. Rd1 Rd7 30. Ke2 Kg7 31. b3 d3+ 32. cxd3 Re5+ 33. Kf1 cxd3 34. Nc4 Re6 35. Rbc1 Be7 36. a3 f6 37. Rd2 Re4 38. Rcd1 Red4 39. Ra1 Kg6 40. Nb2 Kf5 41. b4 a5 42. Rad1 axb4 43. axb4 Rxb4 44. Rxd3 Ra7 45. Rf3+ Ke4 46. Re1+ Kd5 47. Rd3+ Rd4 48. Rxd4+ Kxd4 49. Nd1 Bb4 50. Re3 Ra1 51. Ke2 Ra2+ 52. Kf3 f5 53. Re8 Ra3+ 54. Ke2 f4 55. Rd8+ Ke5 56. Re8+ Kf5 57. Rd8 h5 58. Rd5+ Ke4 59. Rd8 Ra6 60. f3+ Ke5 61. Re8+ Kd4 62. Rd8+ Kc4 63. Rc8+ Bc5 64. Nb2+ Kd4 65. Rd8+ Bd6 66. Rd7 Rb6 67. Nd1 Kc4 68. Rd8 Rc6 69. Rd7 Ra6 70. Rd8 Ra2+ 71. Kf1 Bc5 72. Rc8 Rd2 73. Ke1 Rxg2 74. Nf2 Rxf2 75. Rxc5+ Kxc5 76. Kxf2 Kd4 77. Kf1 Ke3 78. Kg2 Ke2 0-1

[Event "GER-ch Youth-U12 2024"]
[Site "Willingen"]
[Date "2024.05.22"]
[Round "6"]
[White "Chua, Daniel James"]
[Black "Wagener, Nicolas"]
[Result "0-1"]
[ECO "B45"]
[WhiteElo "1751"]
[BlackElo "1713"]
[Annotator "NA RC"]
[PlyCount "100"]
[EventDate "2022.06.05"]
[EventType "swiss"]
[EventRounds "9"]
[EventCountry "GER"]
[SourceTitle "playchess.com"]
[Source "ChessBase"]
[SourceQuality "1"]
[TimeControl "40/4500+30:900+30"]

1. e4 c5 2. Nf3 e6 3. d4 cxd4 4. Nxd4 Nf6 5. Nc3 Nc6 6. Ndb5 Bb4 7. a3 Bxc3+ 8. Nxc3 d5 9. exd5 exd5 10. Bd3 O-O 11. O-O Be6 12. Bg5 h6 13. Bh4 Ne5 14. Be2 Ng6 15. Bxf6 Qxf6 16. Bf3 Rad8 17. Qd2 Nh4 18. Bxd5 Bh3 19. Qe3 Bg4 20. Qxa7 Qg6 21. Qxb7 Rxd5 22. Qxd5 Bf3 23. Qxf3 Nxf3+ 24. Kh1 Nh4 25. Rg1 Qxc2 26. Rab1 Rb8 27. Rbf1 Rxb2 28. Nd5 Qb3 29. Ne3 Qe6 30. a4 Ra2 31. Ra1 Rxf2 32. Ra3 Re2 33. Nf1 Re1 34. h3 Nxg2 35. Rg3 g6 36. R3xg2 Qxh3+ 37. Nh2 Rxg1+ 38. Kxg1 Qe3+ 39. Kf1 Qf4+ 40. Kg1 Qxa4 41. Ng4 h5 42. Nf2 Qa1+ 43. Kh2 Qe5+ 44. Kg1 Kh7 45. Nh3 Kh6 46. Nf2 g5 47. Nh3 g4 48. Nf2 g3 49. Nd3 Qe3+ 50. Nf2 Qe1# 0-1

[Event "GER-ch Youth-U12 2024"]
[Site "Willingen"]
[Date "2024.05.22"]
[Round "6"]
[White "Draude, Theo"]
[Black "Lanert, Theodor"]
[Result "1/2-1/2"]
[ECO "B45"]
[WhiteElo "1731"]
[BlackElo "1742"]
[Annotator "NA RC"]
[PlyCount "49"]
[EventDate "2022.06.05"]
[EventType "swiss"]
[EventRounds "9"]
[EventCountry "GER"]
[SourceTitle "playchess.com"]
[Source "ChessBase"]
[SourceQuality "1"]
[TimeControl "40/4500+30:900+30"]

1. e4 c5 2. Nf3 Nc6 3. d4 cxd4 4. Nxd4 Nf6 5. Nc3 e6 6. Ndb5 Bb4 7. a3 Bxc3+ 8. Nxc3 d5 9. exd5 exd5 10. Bd3 O-O 11. O-O h6 12. h3 Re8 13. Bf4 Ne5 14. Bxe5 Rxe5 15. Qf3 Qe7 16. Rad1 Bd7 17. Ne2 Re8 18. Ng3 Ne4 19. Bxe4 dxe4 20. Qe3 a6 21. Rd2 Bc6 22. Rfd1 Qc5 23. Ne2 Kf8 24. Nd4 f5 25. h4 1/2-1/2

[Event "GER-ch Youth-U12 2024"]
[Site "Willingen"]
[Date "2024.05.22"]
[Round "6"]
[White "Gersemann, Karl"]
[Black "Bundan, Edward"]
[Result "0-1"]
[ECO "B30"]
[WhiteElo "1729"]
[BlackElo "1897"]
[Annotator "NA RC"]
[PlyCount "90"]
[EventDate "2022.06.05"]
[EventType "swiss"]
[EventRounds "9"]
[EventCountry "GER"]
[SourceTitle "playchess.com"]
[Source "ChessBase"]
[SourceQuality "1"]
[TimeControl "40/4500+30:900+30"]

1. e4 c5 2. Nf3 Nc6 3. Bb5 Na5 4. Be2 a6 5. c4 e6 6. Nc3 Qc7 7. d4 cxd4 8. Qxd4 Nc6 9. Qd3 Nf6 10. h3 Be7 11. Be3 O-O 12. O-O d6 13. Rfd1 b6 14. a3 Nd7 15. Qc2 Nce5 16. Nd4 Bb7 17. Rac1 Rac8 18. f4 Nc6 19. f5 Nxd4 20. Bxd4 Bg5 21. Rb1 Rfe8 22. Qd3 Ne5 23. Bxe5 dxe5 24. fxe6 fxe6 25. Qd6 Be3+ 26. Kh1 Bd4 27. Qxc7 Rxc7 28. Bd3 Rd8 29. Ne2 Rcd7 30. b4 Be3 31. Bc2 Rxd1+ 32. Rxd1 Rxd1+ 33. Bxd1 Bxe4 34. Nc3 Bd3 35. Be2 Bc2 36. c5 bxc5 37. Bxa6 cxb4 38. axb4 Bd2 39. Ne2 Bxb4 40. Bb7 Kf7 41. g4 h6 42. Ng3 Be1 43. Ne4 Bb3 44. Kg2 Bd5 45. Kf1 Bb4 0-1

[Event "GER-ch Youth-U12 2024"]
[Site "Willingen"]
[Date "2024.05.22"]
[Round "6"]
[White "Hepp, Daniel"]
[Black "Balashvili, Amiran"]
[Result "1/2-1/2"]
[ECO "A29"]
[WhiteElo "1721"]
[BlackElo "1682"]
[Annotator "NA RC"]
[PlyCount "92"]
[EventDate "2022.06.05"]
[EventType "swiss"]
[EventRounds "9"]
[EventCountry "GER"]
[SourceTitle "playchess.com"]
[Source "ChessBase"]
[SourceQuality "1"]
[TimeControl "40/4500+30:900+30"]

1. c4 e5 2. Nc3 Nf6 3. Nf3 Nc6 4. g3 d5 5. cxd5 Nxd5 6. Bg2 Nb6 7. O-O Be7 8. a3 O-O 9. b4 a6 10. Bb2 Re8 11. d3 Bf8 12. Rc1 g6 13. Ne4 Bg7 14. Ba1 Nd4 15. Nxd4 exd4 16. h3 c6 17. Re1 Bd7 18. Nd6 Re7 19. Nxb7 Qc7 20. Na5 Re6 21. Qb3 Rc8 22. Nc4 c5 23. Nb2 Qd6 24. Nc4 Qb8 25. Rb1 Nxc4 26. dxc4 Rb6 27. Red1 Be6 28. Rdc1 Bf5 29. Rb2 d3 30. Rd2 Bxa1 31. Rxa1 dxe2 32. Rxe2 cxb4 33. axb4 Rxb4 34. Qa3 Rbxc4 35. Qxa6 Bd3 36. Ree1 Bf5 37. Re7 Rc1+ 38. Rxc1 Rxc1+ 39. Kh2 Rc7 40. Qd6 Rc8 41. Qf6 Be6 42. Rxe6 fxe6 43. Qxe6+ Kg7 44. Qe7+ Kh6 45. Qh4+ Kg7 46. Qe7+ Kh6 1/2-1/2

[Event "GER-ch Youth-U12 2024"]
[Site "Willingen"]
[Date "2024.05.22"]
[Round "6"]
[White "Sasikumar Anitha, Sarvesh"]
[Black "Vinogradov, Ilia"]
[Result "1-0"]
[ECO "C45"]
[WhiteElo "1703"]
[BlackElo "1723"]
[Annotator "NA RC"]
[PlyCount "81"]
[EventDate "2022.06.05"]
[EventType "swiss"]
[EventRounds "9"]
[EventCountry "GER"]
[SourceTitle "playchess.com"]
[Source "ChessBase"]
[SourceQuality "1"]
[TimeControl "40/4500+30:900+30"]

1. e4 e5 2. Nf3 Nc6 3. d4 exd4 4. Nxd4 Bc5 5. Be3 Qf6 6. c3 Nge7 7. Bc4 Ne5 8. Be2 Qg6 9. O-O d6 10. f3 Bd7 11. Qd2 N5c6 12. Nb5 O-O-O 13. b4 Bxe3+ 14. Qxe3 Kb8 15. a4 Rde8 16. Qf2 h5 17. Nd4 Nxd4 18. cxd4 f5 19. Nc3 f4 20. Qh4 Rhf8 21. b5 Qh6 22. a5 g5 23. Qf2 g4 24. b6 cxb6 25. axb6 a6 26. Bxa6 bxa6 27. Qe2 Bc8 28. b7 Bxb7 29. Rfb1 d5 30. Rxa6 Qg7 31. Rab6 Nc8 32. Rxb7+ Qxb7 33. Rxb7+ Kxb7 34. Nxd5 Nd6 35. Qb2+ Kc6 36. Qb6+ Kd7 37. e5 Nc8 38. Nf6+ Ke7 39. Qc7+ Ke6 40. d5+ Kf5 41. Nxe8 1-0

[Event "GER-ch Youth-U12 2024"]
[Site "Willingen"]
[Date "2024.05.22"]
[Round "6"]
[White "Andersen, Jonathan"]
[Black "Sun, Christopher"]
[Result "1-0"]
[ECO "C00"]
[WhiteElo "1693"]
[BlackElo "1714"]
[Annotator "NA RC"]
[PlyCount "35"]
[EventDate "2022.06.05"]
[EventType "swiss"]
[EventRounds "9"]
[EventCountry "GER"]
[SourceTitle "playchess.com"]
[Source "ChessBase"]
[SourceQuality "1"]
[TimeControl "40/4500+30:900+30"]

1. e4 e6 2. b3 d5 3. Bb2 dxe4 4. Nc3 Nf6 5. Qe2 Nc6 6. Nxe4 Be7 7. Nf3 b6 8. O-O-O Bb7 9. d4 Qd7 10. Nxf6+ Bxf6 11. d5 Bxb2+ 12. Kxb2 Ne7 13. dxe6 Qxe6 14. Qxe6 fxe6 15. Ng5 e5 16. Bc4 Bc8 17. Nf7 Rf8 18. Rd8# 1-0

[Event "GER-ch Youth-U12 2024"]
[Site "Willingen"]
[Date "2024.05.22"]
[Round "6"]
[White "Vu Hoang Bach"]
[Black "Schulz, Robin"]
[Result "1/2-1/2"]
[ECO "D34"]
[WhiteElo "1677"]
[BlackElo "1730"]
[Annotator "NA RC"]
[PlyCount "185"]
[EventDate "2022.06.05"]
[EventType "swiss"]
[EventRounds "9"]
[EventCountry "GER"]
[SourceTitle "playchess.com"]
[Source "ChessBase"]
[SourceQuality "1"]
[TimeControl "40/4500+30:900+30"]

1. c4 e6 2. Nf3 d5 3. g3 Nf6 4. Bg2 c5 5. cxd5 exd5 6. d4 Nc6 7. Nc3 Be7 8. O-O O-O 9. Bf4 Bf5 10. Rc1 c4 11. b3 Ba3 12. bxc4 Bxc1 13. Qxc1 dxc4 14. Nb5 Nd5 15. Qxc4 Nxf4 16. gxf4 Rc8 17. Qa4 a6 18. Nc3 Qf6 19. Nd5 Qd6 20. Nb6 Rcd8 21. e3 Bd3 22. Rc1 f5 23. Qb3+ Kh8 24. Qxd3 Nb4 25. Qb3 Qxb6 26. Rb1 Rc8 27. Bf1 Qg6+ 28. Bg2 a5 29. Ne5 Qe8 30. Bxb7 Rb8 31. Bf3 Nc6 32. Bxc6 Rxb3 33. Rxb3 Qh5 34. Bf3 Qe8 35. Rd3 Qe6 36. d5 Qd6 37. Nc4 Qc5 38. Rd4 g5 39. h3 gxf4 40. Rxf4 Qb4 41. Kh2 Rc8 42. Ne5 Qb2 43. Nf7+ Kg7 44. Bh5 Rc7 45. Nd6 Qe5 46. Nxf5+ Kh8 47. d6 Rd7 48. Bg4 Rxd6 49. Nxd6 Qxd6 50. a4 Kg7 51. Kg2 Qg6 52. Kf3 Qc6+ 53. Re4 Qf6+ 54. Kg2 Qc6 55. Bf3 Qd7 56. Rd4 Qe6 57. Bd5 Qe5 58. Bf3 Qc5 59. Rg4+ Kf6 60. Be4 h5 61. Rf4+ Ke6 62. h4 Qe7 63. Bf5+ Kd6 64. Kf3 Qb7+ 65. Re4 Kc5 66. Kf4 Qg7 67. Rd4 Qf6 68. Re4 Qxh4+ 69. Kf3 Qf6 70. Rf4 Qd6 71. Be4 Qd1+ 72. Kg3 Qxa4 73. Bg6 Qd1 74. Rf5+ Kb4 75. Bxh5 Qg1+ 76. Kf3 a4 77. Bf7 Qd1+ 78. Kf4 a3 79. f3 Qc2 80. e4 a2 81. Bxa2 Qxa2 82. Rd5 Kc4 83. Kf5 Qa7 84. Kf4 Qg7 85. Ke3 Qg6 86. Rd4+ Kc5 87. Rd5+ Kc6 88. Rf5 Kd6 89. f4 Qg3+ 90. Ke2 Qc3 91. Re5 Qg3 92. Rf5 Qh3 93. Kf2 1/2-1/2

[Event "GER-ch Youth-U12 2024"]
[Site "Willingen"]
[Date "2024.05.22"]
[Round "6"]
[White "Obermair, Hannes"]
[Black "Hellriegel, Hannes"]
[Result "1/2-1/2"]
[ECO "A23"]
[WhiteElo "1668"]
[BlackElo "1701"]
[Annotator "NA RC"]
[PlyCount "66"]
[EventDate "2022.06.05"]
[EventType "swiss"]
[EventRounds "9"]
[EventCountry "GER"]
[SourceTitle "playchess.com"]
[Source "ChessBase"]
[SourceQuality "1"]
[TimeControl "40/4500+30:900+30"]

1. c4 e5 2. Nc3 Nf6 3. g3 c6 4. d4 e4 5. Bg2 d5 6. cxd5 cxd5 7. Bf4 a6 8. e3 Nc6 9. Bg5 Be7 10. Nge2 h6 11. Bxf6 Bxf6 12. Qb3 Be6 13. Qxb7 Na5 14. Qb4 Rb8 15. Qa4+ Kf8 16. Qc2 Nc4 17. b3 Nb6 18. O-O h5 19. h3 g5 20. Kh2 Qd6 21. Rh1 Ke7 22. Kg1 Rbg8 23. Kf1 Rg6 24. Rc1 Rc8 25. Qb2 Rb8 26. Ke1 Bh8 27. a3 Nc4 28. Qa2 Na5 29. b4 Nc4 30. Na4 f5 31. h4 g4 32. Nc5 Bf7 33. Nf4 Rgg8 1/2-1/2

[Event "GER-ch Youth-U12 2024"]
[Site "Willingen"]
[Date "2024.05.22"]
[Round "6"]
[White "Prashanthakumar, Arnesh"]
[Black "Gao, Chenzhuo"]
[Result "1/2-1/2"]
[ECO "C11"]
[WhiteElo "1634"]
[BlackElo "1580"]
[Annotator "NA"]
[PlyCount "58"]
[EventDate "2022.06.05"]
[EventType "swiss"]
[EventRounds "9"]
[EventCountry "GER"]
[SourceTitle "playchess.com"]
[Source "ChessBase"]
[SourceQuality "1"]
[TimeControl "40/4500+30:900+30"]

1. e4 e6 2. d4 d5 3. Nc3 Nf6 4. e5 Nfd7 5. f4 c5 6. Nf3 Nc6 7. Be3 a6 8. a4 cxd4 9. Bxd4 Nxd4 10. Nxd4 Qb6 11. Nb3 Bb4 12. Be2 O-O 13. a5 Qc7 14. Qd2 Nc5 15. Qd4 Nxb3 16. cxb3 Bxa5 17. Rxa5 Qxa5 18. O-O b5 19. Bg4 g6 20. Bh3 h5 21. Nd1 Rb8 22. Kh1 Qb6 23. Qd3 a5 24. Nf2 Ba6 25. Qd2 Rfd8 26. g4 hxg4 27. Nxg4 Kf8 28. Nf6 Ke7 29. f5 exf5 1/2-1/2

[Event "GER-ch Youth-U12 2024"]
[Site "Willingen"]
[Date "2024.05.22"]
[Round "6"]
[White "Doeding, Alexander"]
[Black "Yozgyur, Ediz"]
[Result "0-1"]
[ECO "B22"]
[WhiteElo "1633"]
[BlackElo "1789"]
[Annotator "NA RC"]
[PlyCount "148"]
[EventDate "2022.06.05"]
[EventType "swiss"]
[EventRounds "9"]
[EventCountry "GER"]
[SourceTitle "playchess.com"]
[Source "ChessBase"]
[SourceQuality "1"]
[TimeControl "40/4500+30:900+30"]

1. e4 c5 2. c3 d5 3. exd5 Qxd5 4. d4 g6 5. Be3 cxd4 6. cxd4 Bg7 7. Nc3 Qd8 8. Bc4 Bf5 9. Qb3 e6 10. Qb4 b6 11. Qxb6 Nd7 12. Qb7 Rb8 13. Nb5 Qe7 14. Qxa7 e5 15. a3 Nh6 16. d5 Qf6 17. Bd2 Qh4 18. Be2 O-O 19. h3 Qe4 20. Nc3 Qc2 21. Rc1 Qxb2 22. g4 Rb7 23. Qe3 Bc2 24. Nf3 e4 25. Nd4 Bd3 26. Bxd3 exd3 27. O-O Bxd4 28. Qxh6 Bg7 29. Qe3 Qxa3 30. Qxd3 Ne5 31. Qe2 Rb2 32. Rfe1 Rxd2 33. Qe4 Nd3 34. Nb1 Qa5 35. Nxd2 Nxc1 36. Nc4 Qc3 37. Kg2 Nd3 38. Re3 Nc5 39. Qf4 Qd4 40. Qxd4 Bxd4 41. Re1 Rd8 42. Rd1 Rxd5 43. Ne3 Rd7 44. Nc4 Rd8 45. Ne5 Rd6 46. Nc4 Rd8 47. Ne5 Ne6 48. Nc6 Rd6 49. Nb4 Bc5 50. Rxd6 Bxd6 51. Nd5 Nf4+ 52. Nxf4 Bxf4 53. Kf3 Bb8 54. Ke3 Kg7 55. f4 Kf6 56. h4 h5 57. Kf3 Ba7 58. Kg3 Bc5 59. Kf3 Bb4 60. Kg3 Be1+ 61. Kh3 Bf2 62. f5 gxf5 63. gxh5 Kg7 64. Kg2 Bxh4 65. Kf3 Bg5 66. Kg3 Kh6 67. Kf3 Kxh5 68. Kg3 f4+ 69. Kf3 Kh4 70. Kf2 Kg4 71. Kg2 f3+ 72. Kf1 Kg3 73. Kg1 f2+ 74. Kf1 Bd8 0-1

[Event "GER-ch Youth-U12 2024"]
[Site "Willingen"]
[Date "2024.05.22"]
[Round "6"]
[White "Heins, Simon"]
[Black "Noll, Raphael"]
[Result "1-0"]
[ECO "C29"]
[WhiteElo "1626"]
[BlackElo "1775"]
[Annotator "NA RC"]
[PlyCount "103"]
[EventDate "2022.06.05"]
[EventType "swiss"]
[EventRounds "9"]
[EventCountry "GER"]
[SourceTitle "playchess.com"]
[Source "ChessBase"]
[SourceQuality "1"]
[TimeControl "40/4500+30:900+30"]

1. e4 e5 2. Nc3 Nf6 3. f4 d5 4. fxe5 Nxe4 5. Nf3 Bb4 6. Be2 Nc6 7. O-O O-O 8. d4 Bxc3 9. bxc3 Nxc3 10. Qd3 Nxe2+ 11. Qxe2 Bg4 12. c3 f6 13. exf6 Qxf6 14. Ba3 Rfd8 15. Qb5 Rab8 16. Rae1 Bf5 17. Ne5 Nxe5 18. Rxe5 c6 19. Qe2 g6 20. Be7 Qg7 21. Bxd8 Rxd8 22. Re8+ Rxe8 23. Qxe8+ Qf8 24. Qxf8+ Kxf8 25. g4 Kg7 26. gxf5 gxf5 27. Rxf5 b6 28. Re5 Kf7 29. a4 a6 30. Re1 c5 31. dxc5 bxc5 32. Re5 d4 33. cxd4 cxd4 34. Rd5 Ke6 35. Rxd4 a5 36. Rh4 Kd5 37. Rxh7 Kc4 38. h4 Kd5 39. Rh5+ Ke6 40. Rxa5 Kf6 41. Rb5 Ke6 42. a5 Kd6 43. h5 Kc6 44. Rb1 Kc7 45. h6 Kd6 46. a6 Ke7 47. h7 Kf7 48. h8=Q Ke6 49. a7 Kd6 50. a8=Q Kd7 51. Rd1+ Ke7 52. Qae8# 1-0

[Event "GER-ch Youth-U12 2024"]
[Site "Willingen"]
[Date "2024.05.22"]
[Round "6"]
[White "Schmidt, Jossip"]
[Black "Fischermann, Simon"]
[Result "0-1"]
[ECO "C50"]
[WhiteElo "1603"]
[BlackElo "1789"]
[Annotator "NA RC"]
[PlyCount "60"]
[EventDate "2022.06.05"]
[EventType "swiss"]
[EventRounds "9"]
[EventCountry "GER"]
[SourceTitle "playchess.com"]
[Source "ChessBase"]
[SourceQuality "1"]
[TimeControl "40/4500+30:900+30"]

1. e4 e5 2. Nf3 Nc6 3. Bc4 Nf6 4. d3 Bc5 5. Nc3 a6 6. Bg5 O-O 7. Nd5 Be7 8. Bxf6 Bxf6 9. g4 d6 10. h3 Be6 11. Qd2 Bxd5 12. Bxd5 Re8 13. h4 Qd7 14. g5 Bd8 15. O-O-O Qg4 16. Qe2 Nb4 17. Bxb7 Nxa2+ 18. Kb1 Nc3+ 19. bxc3 Rb8 20. Qe3 Rxb7+ 21. Kc1 c5 22. h5 Ba5 23. Kd2 Qd7 24. g6 fxg6 25. h6 Qc7 26. hxg7 Bxc3+ 27. Kxc3 Qa5+ 28. Kc4 Rb4+ 29. Kd5 Rd4+ 30. Nxd4 cxd4+ 0-1

[Event "GER-ch Youth-U12 2024"]
[Site "Willingen"]
[Date "2024.05.22"]
[Round "6"]
[White "Franke, Moritz"]
[Black "Heitmann, Erik"]
[Result "0-1"]
[ECO "B01"]
[WhiteElo "1597"]
[BlackElo "1644"]
[Annotator "NA"]
[PlyCount "123"]
[EventDate "2022.06.05"]
[EventType "swiss"]
[EventRounds "9"]
[EventCountry "GER"]
[SourceTitle "playchess.com"]
[Source "ChessBase"]
[SourceQuality "1"]
[TimeControl "40/4500+30:900+30"]

1. e4 d5 2. exd5 Qxd5 3. Nc3 Qa5 4. d4 c6 5. Nf3 Bf5 6. Bc4 e6 7. Bd2 Qc7 8. O-O Bd6 9. Re1 Ne7 10. Rc1 O-O 11. Bb3 Nd7 12. Qe2 b5 13. Ne4 Bf4 14. Bxf4 Qxf4 15. Qe3 Qxe3 16. Rxe3 Bxe4 17. Rxe4 a5 18. a3 Nf6 19. Re2 a4 20. Ba2 Rab8 21. c3 Rfc8 22. h3 Ng6 23. g3 h5 24. Bb1 Nf8 25. Ne5 N8d7 26. Nxd7 Nxd7 27. Ba2 Kf8 28. Kg2 g6 29. f4 Rd8 30. Rd1 Nb6 31. Kf3 Nc4 32. Bxc4 bxc4 33. Rb1 Rb3 34. Re5 Rdb8 35. Rc5 Rxb2 36. Rxb2 Rxb2 37. Rxc4 Rb3 38. Rxa4 Rxc3+ 39. Kf2 Ke7 40. Ra7+ Kf6 41. a4 h4 42. gxh4 Rxh3 43. a5 Rxh4 44. Kg3 Rh5 45. a6 Rd5 46. Rc7 Rxd4 47. Rxc6 Ra4 48. Kf3 g5 49. fxg5+ Kxg5 50. Rc7 f6 51. Rc6 Kf5 52. Rc5+ e5 53. Rc6 Ra3+ 54. Kf2 Kg5 55. Kg2 f5 56. Rc5 Kf4 57. Rc4+ e4 58. Rc6 Ke3 59. Rh6 f4 60. Rf6 f3+ 61. Kg3 Ke2 62. Re6 0-1